 Dungeon Crawl Stone Soup version 0.31.0-1-g2c135a0 (webtiles) character file.

Game seed: 15943175307048725394

189 jagoly the Trooper (level 5, 0/33 HPs)
             Began as a Gargoyle Monk on Feb 2, 2024.
             Slain by an orc
             ... wielding a +0 falchion
              (2 damage)
             ... on level 4 of the Dungeon.
             The game lasted 00:05:14 (612 turns).

jagoly the Trooper (Gargoyle Monk)                   Turns: 612, Time: 00:05:14

Health: 0/33       AC:  6    Str: 17    XL:     5   Next: 68%
Magic:  5/5        EV: 12    Int: 10    God:
Gold:   26         SH:  0    Dex: 12    Spells: 4/4 levels left

rFire   . . .        a - +0 hand axe
rCold   . . .        d - orb {light}
rNeg    + . .        b - +0 robe
rPois   ∞            (no helmet)
rElec   +            (no cloak)
rCorr   .            (no gloves)
SInv    .            (no boots)
Will    .....        (no amulet)
Stlth   +            (no ring)
HPRegen 0.25/turn    (no ring)
MPRegen 0.09/turn

%: no passive effects
@: confused, glowing
A: sickness immunity, AC +4, negative energy resistance 1, electricity
resistance, torment resistance 1, petrification resistance
a: no special abilities


You were on level 4 of the Dungeon.
You visited 1 branch of the dungeon, and saw 5 of its levels.

You collected 26 gold pieces.

Inventory:

Hand Weapons
 a - a +0 hand axe (weapon)
Missiles
 i - 17 stones (quivered)
 k - 5 poisoned darts
Armour
 b - a +0 robe (worn)
 d - an orb of light (worn)
Scrolls
 g - a scroll of identify {unknown}
 j - a scroll of teleportation {unknown}
Potions
 c - a potion of ambrosia
 e - a potion of heal wounds {unknown}
 f - a potion of cancellation {unknown}
 h - 2 potions of degeneration {unknown}


   Skills:
 + Level 4.2 Fighting
 * Level 4.2 Axes
 + Level 2.4 Armour
 - Level 3.0 Dodging


You had 4 spell levels left.
You didn't know any spells.
Your spell library was empty.

Dungeon Overview and Level Annotations

Branches:
Dungeon (5/15) Zot: 26983
 Temple: D:4-7

Altars:
Elyvilon
Xom


Innate Abilities, Weirdness & Mutations

You are immune to sickness and miasma.
Your stone body is resilient. (AC +4)
You are immune to poison.
You resist negative energy. (rN+)
You are resistant to electric shocks. (rElec)
You are resistant to unholy torment.
You are immune to petrification.


Message History

Welcome, jagoly the Gargoyle Monk.
A smirking vizier told you that the Orb of Zot is just within this dungeon.
Press ? for a list of commands and other information.
Found a staircase leading out of the dungeon.
You open the gate.
There is an open gate here.
A malevolent force fills the Dungeon...
You fall into a shaft and drop 1 floor!
The shaft crumbles and collapses.
Found a flail.
Found a stone staircase leading up.
Found a robe.
Found a hand axe.
A ball python comes into view.
Found a stone staircase leading up.
A ball python is nearby!
You hit the ball python but do no damage.
The ball python barely misses you. The ball python grabs you.
The ball python constricts you.
You barely miss the ball python. The ball python bites you.
The ball python constricts you.
You hit the ball python.
The ball python is moderately wounded.
The ball python bites you but does no damage.
The ball python constricts you.
The ball python bites you but does no damage.
The ball python constricts you.
You hit the ball python.
The ball python is severely wounded.
The ball python completely misses you. The ball python constricts you.
You slash the ball python!
You kill the ball python!
There is a stone staircase leading up here.
You see here a ball python corpse.
You climb upwards.
There is a stone staircase leading down here.
You climb downwards.
There is a stone staircase leading up here.
You see here a ball python corpse.
Found a stone staircase leading down.
There is a stone staircase leading up here.
You climb upwards.
The frilled lizard hisses angrily.
There is a stone staircase leading down here.
The frilled lizard barely misses you.
You slash the frilled lizard!
You kill the frilled lizard!
No target in view!
There is a stone staircase leading down here.
You climb downwards.
There is a stone staircase leading up here.
There is a stone staircase leading down here.
You climb downwards.
There is a stone staircase leading up here.
You open the door.
Found a bubbling blue potion.
There is an open door here.
A frilled lizard comes into view.
Found a bubbling silvery potion.
The frilled lizard hisses angrily.
A hobgoblin comes into view.
The hobgoblin shouts!
The frilled lizard attacks as it pursues you!
The frilled lizard closely misses you.
You hit the frilled lizard.
You kill the frilled lizard!
You hit the hobgoblin but do no damage. The hobgoblin closely misses you.
You hit the hobgoblin.
You kill the hobgoblin!
No target in view!
e - a bubbling blue potion You see here a frilled lizard corpse.
A hobgoblin comes into view.
The hobgoblin shouts!
A hobgoblin is nearby!
You barely miss the hobgoblin. The hobgoblin misses you.
You barely miss the hobgoblin. The hobgoblin barely misses you.
The hobgoblin completely misses you.
You completely miss the hobgoblin. The hobgoblin misses you.
You hit the hobgoblin.
The hobgoblin is moderately wounded.
The hobgoblin barely misses you.
You hit the hobgoblin.
The hobgoblin is severely wounded.
The hobgoblin hits you but does no damage.
You slash the hobgoblin!
You kill the hobgoblin!
No target in view!
Found a stone staircase leading down.
f - a bubbling silvery potion
Found a leather armour.
There is a stone staircase leading down here.
You climb downwards.
There is a stone staircase leading up here.
Found a blade talisman.
An adder comes into view.
The adder hisses angrily.
An adder is nearby!
You barely miss the adder. The adder closely misses you.
You hit the adder but do no damage. The adder bites you but does no damage.
The adder barely misses you.
You barely miss the adder. The adder bites you but does no damage.
You hit the adder but do no damage.
The adder bites you but does no damage. x2
You hit the adder.
The adder is heavily wounded.
The adder bites you but does no damage. The adder misses you.
You hit the adder.
The adder is severely wounded.
A kobold comes into view. It is wielding a +0 club.
The adder bites you but does no damage.
The kobold moves out of view.
You closely miss the adder.
The adder is severely wounded.
The adder bites you.
You closely miss the adder.
The adder is severely wounded.
The adder closely misses you. x2
You hit the adder.
The adder is almost dead.
The adder bites you but does no damage.
You hit the adder.
You kill the adder!
Your Axes skill increases to level 3!
You have reached level 2!
As you open the door, it creaks loudly!
There is an open door here.
A hobgoblin comes into view.
Found a runed dagger.
A hobgoblin is nearby!
The hobgoblin hits you.
You barely miss the hobgoblin. The hobgoblin closely misses you.
You hit the hobgoblin.
You kill the hobgoblin!
No target in view!
No target in view!
You see here a +0 dagger of electrocution.
Found a scroll labelled ISOLO OXZOD.
g - a scroll labelled ISOLO OXZOD
Found a stone staircase leading down.
Found a stone staircase leading up.
There is a stone staircase leading up here.
You climb upwards.
Found 2 bubbling white potions.
There is a stone staircase leading down here.
A quokka comes into view.
Found a short sword.
The dart slug launches a dart at you. The slug dart misses you.
The dart slug launches a dart at you. The slug dart hits you.
You hit the dart slug.
The dart slug is lightly wounded.
The dart slug bites you but does no damage.
You hit the dart slug.
The dart slug is heavily wounded.
The quokka bites you.
You hit the dart slug.
The dart slug is severely wounded.
You hit the quokka. The dart slug closely misses you.
The quokka closely misses you.
You hit the dart slug.
The dart slug is almost dead.
You hit the quokka. The quokka barely misses you.
The dart slug barely misses you.
You hit the dart slug but do no damage.
The dart slug is almost dead.
You closely miss the quokka.
The quokka bites you but does no damage.
The dart slug barely misses you.
The quokka bites you but does no damage.
You hit the dart slug.
You kill the dart slug!
You hit the quokka. The quokka misses you.
You hit the quokka.
You kill the quokka!
No target in view!
h - 2 bubbling white potions
Found 3 stones.
You see here 3 stones.
i - 3 stones
Found a stone staircase leading down.
A hobgoblin comes into view.
The hobgoblin shouts!
Found a hand axe.
There is a stone staircase leading down here.
You climb downwards.
There is a stone staircase leading up here.
You climb upwards.
The hobgoblin misses you.
There is a stone staircase leading down here.
You slash the hobgoblin!
You kill the hobgoblin!
Your Armour skill increases to level 1!
No target in view!
No target in view!
A ball python comes into view.
The ball python hisses angrily.
You hear a shout!
A ball python is nearby!
An orc comes into view. It is wielding a +0 hand axe.
The orc shouts!
You barely miss the ball python. The ball python barely misses you.
The ball python closely misses you.
You hit the ball python.
You kill the ball python!
You barely miss the orc. The orc hits you but does no damage.
A quokka comes into view.
You hit the orc.
The orc is heavily wounded.
The orc hits you with a +0 hand axe.
You hit the orc.
The orc is almost dead.
The quokka twitches its whiskers.
The orc closely misses you.
You slash the orc!
You kill the orc!
You have reached level 3!
Your experience leads to an increase in your attributes!
Increase (S)trength, (I)ntelligence, or (D)exterity?
You feel stronger. x2
You hit the quokka.
The quokka is heavily wounded.
The quokka bites you but does no damage.
You hit the quokka.
You kill the quokka!
Found an escape hatch in the ceiling.
Things that are here:
a +0 hand axe; an orc corpse; a ball python corpse You open the door.
Found an escape hatch in the floor.
There is an open door here.
Found a falchion.
Found a scroll labelled PIGUVA BYZEJE.
You see here a +0 falchion.
j - a scroll labelled PIGUVA BYZEJE
Found a faded altar of an unknown god.
There is a faded altar of an unknown god here.
This altar belongs to (a) Cheibriados, (b) Dithmenos or (c) Nemelex Xobeh, but you can't tell which.
Press the corresponding letter to learn more about a god, or press enter to convert or escape to cancel.
Okay, then.
There is an escape hatch in the ceiling here.
A ball python comes into view.
The ball python hisses angrily.
Found a white marble altar of Elyvilon.
The ball python bites you but does no damage.
The ball python barely misses you.
You hit the ball python but do no damage.
The ball python completely misses you. The ball python grabs you.
The ball python constricts you.
You slash the ball python!
You kill the ball python!
No target in view!
Why would you want to do that?
Found a glowing orb and 5 gold pieces.
A quokka comes into view.
Found 3 gold pieces.
A dart slug comes into view.
Found 13 gold pieces.
The dart slug briefly extends its eye-stalks.
You see here 5 gold pieces.
You see here 3 gold pieces.
You now have 3 gold pieces.
You see here 5 gold pieces.
You now have 8 gold pieces (gained 5).
The quokka bites you but does no damage.
You hit the quokka.
The quokka is severely wounded.
The quokka bites you but does no damage. x2
You barely miss the quokka.
The quokka is severely wounded.
The quokka closely misses you.
You hit the quokka.
You kill the quokka!
You hit the dart slug.
The dart slug is heavily wounded.
The dart slug launches a dart at you. The slug dart misses you.
You hit the dart slug.
The dart slug is almost dead.
The dart slug barely misses you.
You hit the dart slug.
You kill the dart slug!
No target in view!
A goblin comes into view. It is wielding a +0 club.
The goblin shouts!
You see here a dart slug corpse.
The goblin closely misses you.
You slash the goblin!
You kill the goblin!
No target in view!
You see here a +0 club.
You now have 21 gold pieces (gained 13).
You see here an orb of mayhem.
Found 7 stones.
i - 10 stones (gained 7)
Found 5 gold pieces.
Found a shimmering altar of Xom.
Found four shimmering altars of Xom.
Found a shimmering altar of Xom.
You now have 26 gold pieces (gained 5).
Found a shimmering altar of Xom.
Found a shimmering altar of Xom.
Found a shimmering altar of Xom.
There is a fountain of clear blue water here.
You enter the shallow water.
Moving in this stuff is going to be slow.
Why would you want to do that? Why would you want to do that?
You enter the shallow water.
Moving in this stuff is going to be slow.
You enter a teleport trap!
The teleport trap disappears.
Your surroundings suddenly seem different.
Things that are here:
a +0 hand axe; an orc corpse; a ball python corpse
There is a stone staircase leading down here.
You climb downwards.
There is a stone staircase leading up here.
There is a stone staircase leading up here.
A phantom comes into view.
The phantom barely misses you.
You slash the phantom!
The phantom is moderately damaged.
The phantom hits you.
You hit the phantom.
The phantom is heavily damaged.
The phantom barely misses you.
You hit the phantom.
The phantom is heavily damaged.
The phantom hits you!
You barely miss the phantom.
The phantom is heavily damaged.
The phantom barely misses you.
You hit the phantom but do no damage.
The phantom is heavily damaged.
The phantom hits you.
You hit the phantom but do no damage.
The phantom is heavily damaged.
The phantom misses you.
You hit the phantom but do no damage.
The phantom is heavily damaged.
The phantom completely misses you.
You hit the phantom.
The phantom is severely damaged.
The phantom closely misses you. The phantom hits you.
* * * LOW HITPOINT WARNING * * *
You are too injured to fight recklessly!
You are too injured to fight recklessly!
You are too injured to fight recklessly!
Cleave: a) +0 hand axe
Press: ? - help, Dir - move target, f - phantom
Aim: a phantom (severely damaged, haloed, about 32% to evade your +0 hand axe)
You hit the phantom.
You destroy the phantom!
You have reached level 4!
You feel stronger.
Search for what [? for help]? body
Found 7 stones.
i - 17 stones (gained 7)
A kobold comes into view.
It is wielding a +0 short sword and quivering poisoned darts.
The kobold shouts!
A kobold comes into view. It is wielding a +0 whip.
There are monsters nearby!
The kobold shouts!
The kobold throws a poisoned dart.
The poisoned dart completely misses you.
A phantom comes into view.
The kobold throws a poisoned dart.
The poisoned dart barely misses you.
You slash the phantom!
The phantom is moderately damaged.
The phantom closely misses you.
You closely miss the phantom.
The phantom is moderately damaged.
The phantom misses you.
You hit the phantom.
The phantom is heavily damaged.
The phantom misses you.
You hit the phantom.
The phantom is heavily damaged.
The phantom barely misses you.
You closely miss the phantom.
The phantom is heavily damaged.
The phantom hits you but does no damage.
You hit the phantom but do no damage.
The phantom is heavily damaged.
The phantom hits you but does no damage.
You hit the phantom.
The phantom is heavily damaged.
The phantom hits you but does no damage.
The phantom barely misses you.
You hit the phantom but do no damage.
The phantom is heavily damaged.
The phantom completely misses you.
You hit the phantom.
The phantom is heavily damaged.
The phantom hits you.
The phantom blinks!
You blink.
Found a stone staircase leading down.
You hit the phantom.
The phantom is severely damaged.
The phantom hits you.
You barely miss the phantom.
The phantom is severely damaged.
The phantom hits you but does no damage.
You hit the phantom.
The phantom is severely damaged.
The kobold throws a poisoned dart.
The poisoned dart hits you! The phantom barely misses you.
You hit the phantom.
The phantom is severely damaged.
The phantom closely misses you.
You hit the phantom.
The phantom is almost destroyed.
You barely miss the kobold. You closely miss the kobold.
The kobold closely misses you. The phantom hits you.
The kobold closely misses you.
You hit the phantom.
The phantom is almost destroyed.
You closely miss the kobold. You hit the kobold. The kobold closely misses you.
The phantom hits you. The kobold hits you but does no damage.
The kobold misses you.
You hit the phantom.
You destroy the phantom!
You hit the kobold but do no damage. You hit the kobold.
You kill the kobold!
The kobold closely misses you.
Training target 3.0 for Dodging reached!
Your Fighting skill increases to level 4!
Your Axes skill increases to level 4!
Your Armour skill increases to level 2!
Your Dodging skill increases to level 3!
You have reached level 5!
You slash the kobold!
You kill the kobold!
No target in view!
No target in view!
No target in view!
Press: ? - help, v - describe, . - travel, g - get item
Items here: a +0 short sword; 5 poisoned darts; a kobold corpse.
The floor, spattered with blood.
This square is lit by a halo.
Things that are here:
a +0 short sword; 5 poisoned darts; a kobold corpse
k - 5 poisoned darts
There is a stone staircase leading down here.
You climb downwards.
The orc shouts! x2
There is a stone staircase leading up here.
An adder comes into view.
The adder hisses angrily.
You hit the orc.
The orc is severely wounded.
You hit the orc.
The orc is lightly wounded.
There is a stone staircase leading up here.
You hit the orc.
You kill the orc!
You hit the orc but do no damage. The orc hits you with a +0 falchion.
The adder bites you but does no damage. The orc hits you with a +0 falchion.
* * * LOW HITPOINT WARNING * * *
The orc wizard casts a spell at you. The magic dart hits you!
* * * LOW HITPOINT WARNING * * *
The adder misses you.
You climb upwards.
There is a stone staircase leading down here.
You hit the orc wizard but do no damage.
You hit the adder but do no damage. You hit the orc but do no damage.
The adder misses you. The orc barely misses you.
The orc wizard hits you but does no damage.
You hit the orc wizard.
The orc wizard is moderately wounded.
You hit the adder. You hit the orc but do no damage.
The adder bites you but does no damage. The orc hits you but does no damage.
The orc wizard hits you with a +0 dagger.
* * * LOW HITPOINT WARNING * * *
The adder bites you but does no damage.
You slash the orc wizard!
The orc wizard is almost dead.
You hit the orc but do no damage. You hit the adder.
You kill the adder!
The orc barely misses you.
The orc wizard points at you and mumbles some strange words.
You are confused.
You barely miss the orc wizard.
The orc wizard is almost dead.
You closely miss the orc. The orc barely misses you.
The orc wizard points at you and mumbles some strange words.
The magic dart hits you.
* * * LOW HITPOINT WARNING * * *
You bump into the rock wall.
The orc closely misses you.
The orc wizard points at you and mumbles some strange words.
The magic dart hits you.
* * * LOW HITPOINT WARNING * * *
You closely miss the orc wizard.
The orc wizard is almost dead.
You hit the orc. The orc hits you but does no damage.
The orc wizard gestures wildly while chanting.
The orc wizard flickers and vanishes for a moment.
You bump into the rock wall.
The orc hits you with a +0 falchion.
You die...

#...))......#
#.#.#
#...........#
#.#..
####......#####
#.###
..........# ...
...........#
#.#
...........#
...
.....####.##
... ##...####†#
+......o@#
...####o# # #.#
#.# #.# .. #.#
..# #.# ..# #.#
..# #.# #


You could see an orc wizard (invisible) and an orc.

Vanquished Creatures
  2 phantoms (D:4)
  2 adders (D:4)
  2 dart slugs (D:3)
  2 orcs
  3 ball pythons
  4 hobgoblins
  3 quokkas (D:3)
  2 frilled lizards
  A goblin (D:3)
  2 kobolds (D:4)
23 creatures vanquished.

Notes
Turn   | Place    | Note
-------+----------+-------------------------------------------
     0 | D:1      | jagoly the Gargoyle Monk began the quest for the Orb.
     0 | D:1      | Reached XP level 1. HP: 14/14 MP: 1/1
    81 | D:1      | You fall into a shaft and drop 1 floor!
   183 | D:4      | Reached XP level 2. HP: 16/19 MP: 2/2
   288 | D:3      | Reached skill level 1 in Armour
   306 | D:3      | Reached XP level 3. HP: 22/23 MP: 3/3
   358 | D:3      | Found a faded altar of an unknown god.
   411 | D:3      | Found a white marble altar of Elyvilon.
   459 | D:3      | Found a shimmering altar of Xom.
   461 | D:3      | Found a shimmering altar of Xom.
   461 | D:3      | Found a shimmering altar of Xom.
   461 | D:3      | Found a shimmering altar of Xom.
   461 | D:3      | Found a shimmering altar of Xom.
   462 | D:3      | Found a shimmering altar of Xom.
   469 | D:3      | Found a shimmering altar of Xom.
   470 | D:3      | Found a shimmering altar of Xom.
   471 | D:3      | Found a shimmering altar of Xom.
   509 | D:4      | Noticed a phantom
   521 | D:4      | Killed a phantom
   522 | D:4      | Reached XP level 4. HP: 14/29 MP: 4/4
   564 | D:4      | Noticed a phantom
   585 | D:4      | Killed a phantom
   586 | D:4      | Reached XP level 5. HP: 19/33 MP: 5/5
   598 | D:5      | Entered Level 5 of the Dungeon
   610 | D:4      | HP: 1/33 [orc wizard/magic dart (4)]
   612 | D:4      | Slain by an orc

Illustrated notes

Levels and vault maps discovered:
D:1:      wander_arrival_estate, layout_basic, hangedman_glass_teeth,
          chequers_serial_rivers_micro_a
D:2:      layout_loops_ring
D:3:      layout_basic, mainiacjoe_overflow_concentric_impassable,
          xom_redecorated, hellmonk_ecumenical_altar_zigzags
D:4:      layout_basic
D:5:      wander_river, layout_gridville, trog_three_pillars_becter,
          kennysheep_mini_moat, minmay_temple_entry_drinking_statues, uniq_ijyb,
          uniq_menkaure, uniq_blork_the_orc

Skill      XL: |  1  2  3  4 |
---------------+-------------+-----
Axes           | 3 4 |  4.2
Armour         | 1 2 |  2.4
Fighting       | 4 |  4.2
Dodging        | 3 |  3.0

Action                     |  1- 3 |  4- 6 || total
---------------------------+-------+-------++-------
  Melee: Hand axe          |    61 |    25 ||    86
 Armour: Robe              |    29 |    22 ||    51
  Dodge: Dodged            |    39 |    21 ||    60
